[Event "Turkish Club Cup 2019"]
[Site "Konya"]
[Date "2019.07.17"]
[Round "3"]
[White "Yurdakul, Didem Nuray"]
[Black "Yanik, Emine"]
[Result "1/2-1/2"]
[ECO "B01"]
[WhiteElo "1779"]
[BlackElo "1911"]
[Annotator "NA"]
[PlyCount "72"]
[EventDate "2019.07.16"]
[EventType "team-tourn"]
[EventCountry "TUR"]
[SourceTitle "playchess.com"]
[Source "ChessBase"]
[SourceQuality "1"]
[TimeControl "5400+30"]

1. e4 d5 2. exd5 Qxd5 3. Nc3 Qd8 4. Bc4 Nf6 5. Nf3 e6 6. d4 a6 7. a4 Be7 8. O-O O-O 9. Qe2 Nc6 10. Rd1 Nb4 11. Ne4 b6 12. Nxf6+ Bxf6 13. Qe4 Rb8 14. c3 Nd5 15. Bd3 g6 16. Bh6 Re8 17. Ne5 Bb7 18. Qe2 Bg5 19. Bxg5 Qxg5 20. Qg4 Qxg4 21. Nxg4 Kg7 22. Re1 Ne7 23. Rad1 Rbd8 24. Bc4 Rd6 25. f3 Red8 26. Nf2 R6d7 27. Rc1 h5 28. Rc2 h4 29. Rce2 Nf5 30. Bd3 Ne7 31. Bc4 Rh8 32. Nh3 Nd5 33. Re5 Nf6 34. b4 Nd5 35. Rc1 Rhd8 36. Re2 Rh8 1/2-1/2

[Event "Turkish Club Cup 2019"]
[Site "Konya"]
[Date "2019.07.17"]
[Round "3"]
[White "Gurses, Ayberk"]
[Black "Tuncer, Orcun Ege"]
[Result "1-0"]
[ECO "B38"]
[WhiteElo "1770"]
[BlackElo "1626"]
[Annotator "NA"]
[PlyCount "147"]
[EventDate "2019.07.16"]
[EventType "team-tourn"]
[EventCountry "TUR"]
[SourceTitle "playchess.com"]
[Source "ChessBase"]
[SourceQuality "1"]
[TimeControl "5400+30"]

1. e4 c5 2. Nf3 Nc6 3. d4 cxd4 4. Nxd4 g6 5. c4 Bg7 6. Be3 Nf6 7. Nc3 d6 8. Be2 Bd7 9. Qd2 Nxd4 10. Bxd4 O-O 11. O-O Bc6 12. f3 a5 13. b3 Nd7 14. Be3 Nc5 15. Rab1 Re8 16. a3 Qc7 17. Bd1 Rec8 18. Bc2 Rf8 19. Rfd1 Nd7 20. h3 b6 21. Bf2 Rfb8 22. a4 Nc5 23. Re1 Ra7 24. Rbd1 Rf8 25. Re2 Na6 26. Qe3 Rb7 27. Bh4 Nb4 28. Bb1 Re8 29. Rde1 e6 30. Bg3 Qd8 31. Nb5 Bxb5 32. axb5 e5 33. Rd1 g5 34. Be1 Re6 35. Bxb4 axb4 36. Ra2 Rb8 37. Bc2 Qc7 38. Rd5 Bh6 39. g4 f6 40. Qd2 Bf8 41. Qxb4 Ree8 42. Ra6 Ra8 43. Qa4 Qb7 44. Rd1 Qc8 45. Kf1 Rb8 46. Ke2 Qc5 47. Qa1 Rec8 48. Rd5 Qc7 49. Ke1 h6 50. Bd3 Rb7 51. Be2 Be7 52. Qa3 Kf7 53. b4 Kg6 54. Rd2 Rh8 55. Ra2 Kf7 56. Qd3 Kg7 57. Qd5 Rhb8 58. Kd2 Rc8 59. Ke3 Rcb8 60. Qc6 Rc8 61. Qd5 Rcb8 62. Rd2 Ra7 63. Bd3 Rab7 64. Rda2 Rc8 65. Ra8 Rcb8 66. Qc6 Rxa8 67. Rxa8 Qd7 68. Qd5 Bf8 69. Bc2 Ra7 70. Bb3 Qb7 71. Rxa7 Qxa7 72. c5 Kg6 73. Qg8+ Qg7 74. Bf7# 1-0

[Event "Turkish Club Cup 2019"]
[Site "Konya"]
[Date "2019.07.17"]
[Round "3"]
[White "Cakir, Ege"]
[Black "Eroz, Deniz"]
[Result "1-0"]
[ECO "D11"]
[WhiteElo "1765"]
[BlackElo "1153"]
[Annotator "NA"]
[PlyCount "111"]
[EventDate "2019.07.16"]
[EventType "team-tourn"]
[EventCountry "TUR"]
[SourceTitle "playchess.com"]
[Source "ChessBase"]
[SourceQuality "1"]
[TimeControl "5400+30"]

1. d4 d5 2. Nf3 Nf6 3. g3 Bf5 4. Bg2 e6 5. O-O Be7 6. c4 c6 7. Qb3 Qb6 8. c5 Qxb3 9. axb3 Nbd7 10. Nc3 O-O 11. b4 a6 12. h3 h6 13. g4 Bh7 14. Bf4 Rfd8 15. Nd2 Nf8 16. Nb3 Kh8 17. Na5 Rd7 18. Na4 Bd8 19. Nb3 Bc2 20. Nd2 Ng6 21. Bg3 Ne4 22. Nxe4 Bxe4 23. Bxe4 dxe4 24. e3 f5 25. f4 Rf7 26. Nc3 Rc8 27. Rad1 Nh4 28. Bxh4 Bxh4 29. gxf5 exf5 30. d5 cxd5 31. Rxd5 Rc6 32. Kh2 Rg6 33. Rg1 Rc6 34. Kg2 Kh7 35. Ne2 Rg6+ 36. Kf1 Rxg1+ 37. Nxg1 Rf6 38. Ne2 b6 39. Nd4 g6 40. c6 Rf8 41. Rd7+ Kg8 42. c7 Rc8 43. Ne6 Bf6 44. Rd8+ Bxd8 45. cxd8=Q+ Rxd8 46. Nxd8 Kf8 47. Nc6 g5 48. Nd4 gxf4 49. Nxf5 fxe3 50. Ke2 h5 51. Kxe3 Kf7 52. Kxe4 Kg6 53. h4 b5 54. Ne7+ Kf6 55. Nd5+ Ke6 56. Nc7+ 1-0

[Event "Turkish Club Cup 2019"]
[Site "Konya"]
[Date "2019.07.17"]
[Round "3"]
[White "Asan, Elvan"]
[Black "Adanmis, Ezgi"]
[Result "1-0"]
[ECO "A07"]
[WhiteElo "1760"]
[BlackElo "1692"]
[Annotator "NA"]
[PlyCount "91"]
[EventDate "2019.07.16"]
[EventType "team-tourn"]
[EventCountry "TUR"]
[SourceTitle "playchess.com"]
[Source "ChessBase"]
[SourceQuality "1"]
[TimeControl "5400+30"]

1. e4 e6 2. d3 d5 3. Nd2 Nf6 4. g3 Be7 5. Bg2 dxe4 6. dxe4 e5 7. Ngf3 Nc6 8. O-O O-O 9. Qe2 Bc5 10. c3 h6 11. b4 Bd6 12. Nc4 Be6 13. Nh4 Bxc4 14. Qxc4 Ne7 15. f4 c6 16. Qe2 Qc7 17. f5 Rfd8 18. g4 Kf8 19. g5 hxg5 20. Bxg5 Neg8 21. Bf3 c5 22. a3 Rac8 23. Rac1 Be7 24. Qg2 Nh7 25. Bxe7+ Qxe7 26. f6 Qxf6 27. Bh5 Qxh4 28. Rxf7+ Ke8 29. Qxg7 Qg5+ 30. Qxg5 Nxg5 31. Rxb7+ Kf8 32. Rf1+ Nf6 33. Rxf6+ Kg8 34. Rg6+ Kh8 35. Rxg5 cxb4 36. axb4 Rxc3 37. Rxe5 Rc1+ 38. Kf2 Rcc8 39. Bg4 Rc2+ 40. Kg3 Rd3+ 41. Bf3 Rc8 42. Rf5 Rg8+ 43. Kf4 Rc8 44. Bg4 Rcd8 45. Rh5+ Kg8 46. Be6+ 1-0

[Event "Turkish Club Cup 2019"]
[Site "Konya"]
[Date "2019.07.17"]
[Round "3"]
[White "Senyuz, Mustafa Zorbey"]
[Black "Celik, Berkay"]
[Result "1-0"]
[ECO "C06"]
[WhiteElo "1754"]
[BlackElo "1876"]
[Annotator "NA"]
[PlyCount "89"]
[EventDate "2019.07.16"]
[EventType "team-tourn"]
[EventCountry "TUR"]
[SourceTitle "playchess.com"]
[Source "ChessBase"]
[SourceQuality "1"]
[TimeControl "5400+30"]

1. e4 e6 2. d4 d5 3. Nd2 Nf6 4. e5 Nfd7 5. Bd3 c5 6. c3 Nc6 7. Ne2 Qb6 8. Nf3 g6 9. a3 Bg7 10. b4 cxd4 11. cxd4 O-O 12. Be3 f6 13. exf6 Nxf6 14. h3 Nh5 15. O-O Bd7 16. Rc1 Rxf3 17. gxf3 Rf8 18. Rc5 Qd8 19. b5 Ne7 20. Qd2 Nf5 21. Bxf5 Rxf5 22. Ng3 Rxf3 23. Kg2 Nxg3 24. fxg3 Rxf1 25. Kxf1 Bf8 26. Rc2 Bxb5+ 27. Kg2 Bc4 28. Bg5 Qb6 29. Qf4 Qd6 30. Qe3 Bg7 31. Rf2 e5 32. Qf3 Qe6 33. dxe5 d4 34. Qf4 Qxe5 35. Qc1 Qe4+ 36. Kh2 d3 37. Bd2 Be5 38. Bh6 Bg7 39. Bxg7 Kxg7 40. Qc3+ Kh6 41. Qd2+ g5 42. Qc3 Kh5 43. Qf6 Qg6 44. g4+ Kh6 45. Qf8+ 1-0

[Event "Turkish Club Cup 2019"]
[Site "Konya"]
[Date "2019.07.17"]
[Round "3"]
[White "Keskin, Osman Orcun"]
[Black "Ozcan, Alperen"]
[Result "1-0"]
[ECO "D55"]
[WhiteElo "1719"]
[BlackElo "1568"]
[Annotator "NA"]
[PlyCount "121"]
[EventDate "2019.07.16"]
[EventType "team-tourn"]
[EventCountry "TUR"]
[SourceTitle "playchess.com"]
[Source "ChessBase"]
[SourceQuality "1"]
[TimeControl "5400+30"]

1. d4 d5 2. Nf3 Nf6 3. c4 c6 4. Nc3 e6 5. Bg5 Be7 6. e3 O-O 7. a4 Nbd7 8. Bd3 b6 9. cxd5 Nxd5 10. Nxd5 cxd5 11. Bxe7 Qxe7 12. O-O Bb7 13. a5 bxa5 14. Rxa5 Nb6 15. Rc5 Rfc8 16. Qc2 g6 17. Rc1 Nd7 18. Rc3 Rxc3 19. Qxc3 Rc8 20. Qd2 Rxc1+ 21. Qxc1 Qd6 22. Bb5 a6 23. Bxd7 Qxd7 24. Ne5 Qc8 25. Qxc8+ Bxc8 26. Kf1 Kf8 27. Ke2 Ke7 28. Kd2 f6 29. Nd3 Kd6 30. f4 Kc6 31. Kc3 Kb5 32. Nf2 h5 33. g4 Kc6 34. g5 fxg5 35. fxg5 Bd7 36. Nd3 Kb5 37. Nf4 Be8 38. Nxe6 Bf7 39. Nf4 a5 40. Nd3 Be8 41. Nc5 Kc6 42. b4 Kb5 43. bxa5 Kxa5 44. e4 dxe4 45. Nxe4 Bf7 46. d5 Bxd5 47. Kd4 Bb3 48. Ke5 Kb6 49. Kf6 Kc6 50. Nd2 Bc2 51. Nc4 Kc5 52. Ne5 Kd4 53. Nxg6 Ke4 54. Ne5 Kf4 55. g6 h4 56. g7 Bh7 57. Ng6+ Kg4 58. Kf7 Kh3 59. Nf8 Bg8+ 60. Kxg8 Kxh2 61. Ng6 1-0

[Event "Turkish Club Cup 2019"]
[Site "Konya"]
[Date "2019.07.17"]
[Round "3"]
[White "Yatkin, Osman"]
[Black "Kucuk, Dogan"]
[Result "1/2-1/2"]
[ECO "D00"]
[WhiteElo "1692"]
[BlackElo "2028"]
[Annotator "NA"]
[PlyCount "84"]
[EventDate "2019.07.16"]
[EventType "team-tourn"]
[EventCountry "TUR"]
[SourceTitle "playchess.com"]
[Source "ChessBase"]
[SourceQuality "1"]
[TimeControl "5400+30"]

1. d4 Nf6 2. g3 d5 3. Bg2 c5 4. c3 cxd4 5. cxd4 e6 6. a3 Bd6 7. Nc3 a6 8. Nf3 O-O 9. Bg5 h6 10. Bxf6 Qxf6 11. e4 dxe4 12. Nxe4 Qe7 13. O-O Rd8 14. Qe2 Nd7 15. Rfe1 Nb6 16. Rad1 Nd5 17. Nfd2 b5 18. Nxd6 Qxd6 19. Ne4 Qb6 20. Nc5 b4 21. a4 a5 22. Rc1 Rb8 23. Qh5 Bb7 24. Nxb7 Rxb7 25. Rc5 Rbd7 26. Qe5 Nf6 27. Rxa5 Rxd4 28. Rb5 Qa7 29. Ra5 Qd7 30. h3 Rd1 31. Qe2 Rd2 32. Qe5 Rc8 33. b3 Rcc2 34. Rf1 Qd3 35. Qb8+ Kh7 36. Qxb4 Qe3 37. Qf4 Qxb3 38. Rb5 Qa3 39. Rb7 Kg8 40. Rb8+ Kh7 41. Rb7 Kg8 42. Rb8+ Kh7 1/2-1/2

[Event "Turkish Club Cup 2019"]
[Site "Konya"]
[Date "2019.07.17"]
[Round "3"]
[White "Uysal, Ugur"]
[Black "Polat, Ahmet Eren"]
[Result "1/2-1/2"]
[ECO "A41"]
[WhiteElo "1689"]
[BlackElo "1651"]
[Annotator "NA"]
[PlyCount "87"]
[EventDate "2019.07.16"]
[EventType "team-tourn"]
[EventCountry "TUR"]
[SourceTitle "playchess.com"]
[Source "ChessBase"]
[SourceQuality "1"]
[TimeControl "5400+30"]

1. Nf3 d6 2. d4 g6 3. c4 Bg7 4. g3 Nd7 5. Bg2 e5 6. dxe5 Nxe5 7. Nxe5 Bxe5 8. O-O Bg7 9. Qb3 c6 10. Rd1 Qc7 11. c5 Be6 12. Qb4 dxc5 13. Qxc5 Rd8 14. Rxd8+ Qxd8 15. Qc2 Ne7 16. Nc3 O-O 17. Be3 Qa5 18. Bd2 Qc5 19. Be3 Qa5 20. Bd2 Qc5 21. Qa4 Qd4 22. Qxd4 Bxd4 23. Rd1 Bb6 24. Bg5 f6 25. Bf4 Rd8 26. Rxd8+ Bxd8 27. b3 Kg7 28. Bb8 Nc8 29. Na4 Be7 30. Bf4 Nb6 31. Nxb6 axb6 32. Be3 b5 33. Kf1 Bf5 34. Bc1 Bc2 35. e3 Bb1 36. a3 b4 37. axb4 Bxb4 38. Bh3 Bd3+ 39. Kg1 f5 40. Bf1 Bc2 41. Bb2+ Kf8 42. Bc4 b5 43. Be6 c5 44. Be5 1/2-1/2

[Event "Turkish Club Cup 2019"]
[Site "Konya"]
[Date "2019.07.17"]
[Round "3"]
[White "Simsek, Meltem"]
[Black "Tuncer, Duru"]
[Result "1/2-1/2"]
[ECO "A36"]
[WhiteElo "1684"]
[BlackElo "1520"]
[Annotator "NA"]
[PlyCount "84"]
[EventDate "2019.07.16"]
[EventType "team-tourn"]
[EventCountry "TUR"]
[SourceTitle "playchess.com"]
[Source "ChessBase"]
[SourceQuality "1"]
[TimeControl "5400+30"]

1. c4 Nf6 2. g3 c5 3. Bg2 Nc6 4. Nc3 e5 5. e3 a6 6. Nge2 d6 7. O-O g6 8. a3 Qc7 9. b3 Bg7 10. Bb2 O-O 11. f4 Rb8 12. Rc1 Ne7 13. d4 exd4 14. exd4 Nf5 15. Qd2 Re8 16. Rf3 b6 17. Rd3 Qe7 18. dxc5 dxc5 19. Bc6 Rf8 20. Nd5 Nxd5 21. Bxg7 Kxg7 22. Bxd5 Re8 23. Nc3 Nd4 24. Qb2 Bf5 25. Rdd1 Qe3+ 26. Kg2 Bg4 27. Re1 Qxe1 28. Rxe1 Rxe1 29. h3 Rbe8 30. hxg4 R8e2+ 31. Nxe2 Rxe2+ 32. Qxe2 Nxe2 33. b4 Nc3 34. bxc5 Nxd5 35. cxd5 bxc5 36. Kf3 f5 37. g5 Kf7 38. Ke3 Ke7 39. Kd3 Kd7 40. Kc3 Kc7 41. Kb3 Kd7 42. Kc3 Kc7 1/2-1/2

[Event "Turkish Club Cup 2019"]
[Site "Konya"]
[Date "2019.07.17"]
[Round "3"]
[White "Guler, Muhammed Talha"]
[Black "Taskin, Arda"]
[Result "0-1"]
[ECO "A08"]
[WhiteElo "1652"]
[BlackElo "1723"]
[Annotator "NA"]
[PlyCount "104"]
[EventDate "2019.07.16"]
[EventType "team-tourn"]
[EventCountry "TUR"]
[SourceTitle "playchess.com"]
[Source "ChessBase"]
[SourceQuality "1"]
[TimeControl "5400+30"]

1. e4 e6 2. d3 d5 3. Nd2 c5 4. Ngf3 Nc6 5. g3 Bd6 6. Bg2 Nge7 7. O-O O-O 8. Re1 f6 9. c3 b6 10. d4 Qc7 11. Qe2 cxd4 12. Nxd4 Nxd4 13. cxd4 Nc6 14. Nb3 Qf7 15. Bd2 Bd7 16. exd5 exd5 17. Qf3 Ne7 18. Bf4 Bb4 19. Nd2 g5 20. a3 Bxd2 21. Bxd2 a5 22. b4 Ra7 23. bxa5 bxa5 24. Bf1 Nf5 25. Bc3 Rc8 26. Bh3 Rac7 27. Bxf5 Rxc3 28. Re3 Rc1+ 29. Rxc1 Rxc1+ 30. Kg2 Bb5 31. h4 Rc6 32. hxg5 fxg5 33. Bxh7+ Kg7 34. Qxf7+ Kxf7 35. Bd3 Bxd3 36. Rxd3 g4 37. Re3 Rc4 38. Rd3 Kf6 39. Kf1 Kf5 40. f3 gxf3 41. Rxf3+ Ke4 42. Rf4+ Ke3 43. Kg2 Rc2+ 44. Kh3 Rd2 45. Rf8 Rxd4 46. g4 Rf4 47. Rd8 d4 48. Kg3 Rf3+ 49. Kg2 Rf7 50. Kg3 Re7 51. g5 d3 52. g6 Re6 0-1

[Event "Turkish Club Cup 2019"]
[Site "Konya"]
[Date "2019.07.17"]
[Round "3"]
[White "Acar, Ilhami"]
[Black "Coban, Suleyman"]
[Result "1-0"]
[ECO "B78"]
[WhiteElo "1636"]
[BlackElo "1667"]
[Annotator "NA"]
[PlyCount "117"]
[EventDate "2019.07.16"]
[EventType "team-tourn"]
[EventCountry "TUR"]
[SourceTitle "playchess.com"]
[Source "ChessBase"]
[SourceQuality "1"]
[TimeControl "5400+30"]

1. e4 c5 2. Nf3 d6 3. d4 cxd4 4. Nxd4 Nf6 5. Nc3 g6 6. Be3 Bg7 7. f3 O-O 8. Bc4 Nc6 9. Qd2 Bd7 10. O-O-O Rc8 11. Bb3 Ne5 12. g4 Nc4 13. Bxc4 Rxc4 14. g5 Nh5 15. Qd3 Rc8 16. Kb1 a6 17. Nce2 Be6 18. Nxe6 fxe6 19. f4 Qc7 20. Rhf1 Qc4 21. b3 Qxd3 22. cxd3 Rc6 23. Rc1 Rfc8 24. Rxc6 Rxc6 25. Rc1 Rxc1+ 26. Kxc1 h6 27. h4 hxg5 28. hxg5 Kf7 29. d4 e5 30. dxe5 dxe5 31. f5 gxf5 32. exf5 e6 33. f6 Bf8 34. Kd2 Kg6 35. Kd3 Kf5 36. a4 Nf4+ 37. Nxf4 exf4 38. Bxf4 b5 39. axb5 axb5 40. Be3 Bd6 41. Kc3 Kg6 42. Kd4 Kf5 43. Bd2 Bf8 44. Kd3 Bc5 45. Be3 Bb4 46. Ke2 Bd6 47. Kf3 Bf8 48. Kg3 Bd6+ 49. Kh4 Kg6 50. Kg4 Bc7 51. Bc5 Ba5 52. Kf4 Bc7+ 53. Ke4 Bg3 54. Be3 Bc7 55. Bf4 Bb6 56. Bd6 Bf2 57. Ke5 Kf7 58. g6+ Kxg6 59. Kxe6 1-0

[Event "Turkish Club Cup 2019"]
[Site "Konya"]
[Date "2019.07.17"]
[Round "3"]
[White "Yenicirak, Gokdeniz Ege"]
[Black "Ozturkler, Baris"]
[Result "1-0"]
[ECO "B97"]
[WhiteElo "1636"]
[BlackElo "1966"]
[Annotator "NA"]
[PlyCount "71"]
[EventDate "2019.07.16"]
[EventType "team-tourn"]
[EventCountry "TUR"]
[SourceTitle "playchess.com"]
[Source "ChessBase"]
[SourceQuality "1"]
[TimeControl "5400+30"]

1. e4 c5 2. Nf3 d6 3. d4 cxd4 4. Nxd4 Nf6 5. Nc3 a6 6. Bg5 e6 7. f4 Qb6 8. Qd2 Qxb2 9. Nb3 Nbd7 10. Rd1 Be7 11. Bd3 h6 12. Rb1 Qa3 13. Bxf6 Bxf6 14. O-O O-O 15. Ne2 Qxa2 16. e5 Nxe5 17. Ra1 Nf3+ 18. gxf3 Bxa1 19. Rxa1 Qb2 20. Nc3 Bd7 21. Ra2 Qxa2 22. Nxa2 b5 23. Qa5 Rfc8 24. Nb4 d5 25. Nxa6 g6 26. Nd4 Bc6 27. Qb6 Be8 28. Qb7 b4 29. Qxb4 Ra7 30. Qb6 Re7 31. Bb5 Bxb5 32. Nxb5 Kg7 33. Nac7 Rd7 34. Qc6 Rcd8 35. Ne8+ Kf8 36. Nf6 1-0

[Event "Turkish Club Cup 2019"]
[Site "Konya"]
[Date "2019.07.17"]
[Round "3"]
[White "Yildirim, Yasin"]
[Black "Sevinc, Mesut"]
[Result "1-0"]
[ECO "D00"]
[WhiteElo "1619"]
[BlackElo "1703"]
[Annotator "NA"]
[PlyCount "67"]
[EventDate "2019.07.16"]
[EventType "team-tourn"]
[EventCountry "TUR"]
[SourceTitle "playchess.com"]
[Source "ChessBase"]
[SourceQuality "1"]
[TimeControl "5400+30"]

1. d4 Nf6 2. Nc3 d5 3. Bf4 Bf5 4. f3 e6 5. g4 Bg6 6. h4 h5 7. g5 Nfd7 8. e3 a6 9. Bd3 Bxd3 10. Qxd3 c5 11. g6 f5 12. O-O-O c4 13. Qe2 Bb4 14. e4 fxe4 15. fxe4 Qf6 16. Bg5 Qxg6 17. exd5 Bxc3 18. bxc3 O-O 19. Qxe6+ Kh7 20. Nh3 Nf6 21. Bxf6 Rxf6 22. Ng5+ Kh6 23. Qg8 Nd7 24. Qxa8 Rf8 25. Qxb7 Nf6 26. Rhf1 Qe8 27. Rde1 Qa4 28. Qb4 Qxb4 29. cxb4 Rb8 30. d6 c3 31. Rxf6+ gxf6 32. d7 fxg5 33. hxg5+ Kxg5 34. Re8 1-0

[Event "Turkish Club Cup 2019"]
[Site "Konya"]
[Date "2019.07.17"]
[Round "3"]
[White "Akin, Batikan Aybey"]
[Black "Celik, Musa"]
[Result "1-0"]
[ECO "E01"]
[WhiteElo "1610"]
[BlackElo "1773"]
[Annotator "NA"]
[PlyCount "83"]
[EventDate "2019.07.16"]
[EventType "team-tourn"]
[EventCountry "TUR"]
[SourceTitle "playchess.com"]
[Source "ChessBase"]
[SourceQuality "1"]
[TimeControl "5400+30"]

1. c4 Nf6 2. d4 e6 3. Nc3 d5 4. Nf3 c6 5. g3 Bd6 6. Bg2 Nbd7 7. O-O O-O 8. e4 dxe4 9. Ng5 Re8 10. Ngxe4 Nxe4 11. Nxe4 Be7 12. Be3 Nf6 13. Qe2 Qa5 14. f4 Nxe4 15. Bxe4 c5 16. Qf2 cxd4 17. Bxd4 f6 18. a3 Qc7 19. Rac1 Bd7 20. b4 Bc6 21. Bb1 b6 22. Rfe1 Bf8 23. Qc2 f5 24. Qf2 Rad8 25. Rc3 Qd7 26. Be3 Ba8 27. h3 g6 28. c5 Bg7 29. Rcc1 Qd5 30. Kh2 bxc5 31. Rxc5 Qd6 32. Bc2 e5 33. Rd1 Qe7 34. Bb3+ Kh8 35. fxe5 Rxd1 36. Bxd1 Qb7 37. Qg1 Bxe5 38. Bd4 Qe4 39. Bxe5+ Rxe5 40. Rc8+ Re8 41. Rxe8+ Qxe8 42. Qd4+ 1-0

[Event "Turkish Club Cup 2019"]
[Site "Konya"]
[Date "2019.07.17"]
[Round "3"]
[White "Inci, Okan"]
[Black "Celik, Abdullah"]
[Result "1-0"]
[ECO "A96"]
[WhiteElo "1609"]
[BlackElo "2054"]
[Annotator "NA"]
[PlyCount "122"]
[EventDate "2019.07.16"]
[EventType "team-tourn"]
[EventCountry "TUR"]
[SourceTitle "playchess.com"]
[Source "ChessBase"]
[SourceQuality "1"]
[TimeControl "5400+30"]

1. Nf3 f5 2. c4 d6 3. d4 e6 4. Nc3 Nf6 5. g3 Be7 6. Bg2 O-O 7. O-O a5 8. Nd2 e5 9. d5 Qe8 10. b3 f4 11. gxf4 exf4 12. Nde4 Qh5 13. f3 Nxe4 14. Nxe4 Bh3 15. Bxh3 Qxh3 16. Rf2 Nd7 17. Bb2 Bf6 18. Bxf6 Nxf6 19. Ng5 Qf5 20. Ne6 Rf7 21. Rg2 h6 22. Qd4 Qe5 23. Rd1 Nh5 24. Qxe5 dxe5 25. Kf2 Re8 26. Nc5 b6 27. Ne4 Nf6 28. Rgg1 Nxe4+ 29. fxe4 Rd8 30. c5 bxc5 31. Rc1 a4 32. Rxc5 axb3 33. axb3 Rdd7 34. Rc6 g5 35. Rxh6 Rg7 36. Re6 Kf7 37. Rxe5 Re7 38. Rxe7+ Kxe7 39. e3 fxe3+ 40. Kxe3 Kf6 41. Kd4 Rh7 42. Rg2 Rh4 43. Rf2+ Ke7 44. Ke5 Rh3 45. Rg2 g4 46. Rxg4 Rxh2 47. Rg7+ Kd8 48. Rg3 Rh5+ 49. Kd4 Kd7 50. Rg7+ Kd8 51. e5 Rh3 52. b4 Rh1 53. Rg4 Rd1+ 54. Kc5 Rc1+ 55. Rc4 Rh1 56. Kc6 Rh6+ 57. e6 Rh1 58. e7+ Kxe7 59. Kxc7 Rh6 60. d6+ Ke6 61. d7 Rh7 1-0

[Event "Turkish Club Cup 2019"]
[Site "Konya"]
[Date "2019.07.17"]
[Round "3"]
[White "Unsal, Omer"]
[Black "Ekici, Caner"]
[Result "1-0"]
[ECO "B20"]
[WhiteElo "1586"]
[BlackElo "1650"]
[Annotator "NA"]
[PlyCount "79"]
[EventDate "2019.07.16"]
[EventType "team-tourn"]
[EventCountry "TUR"]
[SourceTitle "playchess.com"]
[Source "ChessBase"]
[SourceQuality "1"]
[TimeControl "5400+30"]

1. e4 c5 2. b3 Nc6 3. Bb2 e6 4. Nc3 a6 5. f4 b5 6. Nf3 Bb7 7. d3 Qc7 8. Qd2 Nge7 9. g3 d5 10. Bg2 h6 11. Ne2 Rg8 12. h4 g6 13. h5 O-O-O 14. e5 d4 15. hxg6 Rxg6 16. O-O-O Nf5 17. Nh4 Nxh4 18. Rxh4 Nb4 19. Bxb7+ Qxb7 20. Kb1 Nd5 21. c3 Ne3 22. Rg1 Nf5 23. Rh3 dxc3 24. Bxc3 Qf3 25. d4 Qe4+ 26. Ka1 b4 27. Bb2 a5 28. g4 Nxd4 29. Nxd4 cxd4 30. Rc1+ Kb7 31. Rd3 Rxg4 32. Qc2 Ka6 33. Qc4+ Kb7 34. Qc7+ Ka6 35. Rc6+ Qxc6 36. Qxc6+ Ka7 37. Qc7+ Ka6 38. Qxd8 Rg1+ 39. Bc1 Rxc1+ 40. Kb2 1-0

[Event "Turkish Club Cup 2019"]
[Site "Konya"]
[Date "2019.07.17"]
[Round "3"]
[White "Kelemci, Mehmet Gorkem"]
[Black "Sancar, Alperen"]
[Result "0-1"]
[ECO "B13"]
[WhiteElo "1565"]
[BlackElo "1479"]
[Annotator "NA"]
[PlyCount "120"]
[EventDate "2019.07.16"]
[EventType "team-tourn"]
[EventCountry "TUR"]
[SourceTitle "playchess.com"]
[Source "ChessBase"]
[SourceQuality "1"]
[TimeControl "5400+30"]

1. e4 c6 2. d4 d5 3. exd5 cxd5 4. c4 Nf6 5. Nf3 Bg4 6. cxd5 Nxd5 7. Qb3 Qc7 8. Nbd2 Bxf3 9. Nxf3 e6 10. Bd2 a6 11. Bc4 Nf6 12. O-O Bd6 13. Bb4 O-O 14. Rac1 Nc6 15. Bc3 b5 16. Bxe6 fxe6 17. Qxe6+ Kh8 18. d5 Nd8 19. Qf5 Qd7 20. Qd3 Bf4 21. Rcd1 Nb7 22. Nh4 Nd6 23. Bb4 a5 24. Bxd6 Bxd6 25. Nf5 Ng4 26. Nxd6 Qxd6 27. Qg3 Qxg3 28. hxg3 Rad8 29. d6 Rf5 30. Rfe1 Nxf2 31. Rf1 Nxd1 32. Rxf5 Nxb2 33. Rxb5 Nc4 34. d7 Kg8 35. Rc5 Nb6 36. Rxa5 Rxd7 37. Rb5 Nd5 38. Kf2 Nc3 39. Rb8+ Kf7 40. a3 Rd2+ 41. Kf3 Rd3+ 42. Kg4 Rd4+ 43. Kf3 h6 44. Rb7+ Kg6 45. Rb6+ Kf5 46. Rb7 g6 47. Rf7+ Ke6 48. Rg7 Kf6 49. Rc7 Rd3+ 50. Kg4 h5+ 51. Kh4 Rd4+ 52. Kh3 Na4 53. Rc6+ Kf5 54. Ra6 Nc3 55. Ra5+ Rd5 56. Ra8 Rd6 57. Rc8 Ne4 58. Rf8+ Kg5 59. Rf3 Kh6 60. Re3 Nf2+ 0-1

[Event "Turkish Club Cup 2019"]
[Site "Konya"]
[Date "2019.07.17"]
[Round "3"]
[White "Acar, Eren"]
[Black "Ultanir, Guray"]
[Result "0-1"]
[ECO "B46"]
[WhiteElo "1539"]
[BlackElo "1601"]
[Annotator "NA"]
[PlyCount "54"]
[EventDate "2019.07.16"]
[EventType "team-tourn"]
[EventCountry "TUR"]
[SourceTitle "playchess.com"]
[Source "ChessBase"]
[SourceQuality "1"]
[TimeControl "5400+30"]

1. a3 a6 2. e4 c5 3. Nf3 e6 4. d4 cxd4 5. Nxd4 Qc7 6. Nc3 Nc6 7. Nxc6 bxc6 8. Bd3 Nf6 9. O-O Be7 10. f4 O-O 11. e5 Nd5 12. Ne4 f5 13. exf6 Nxf6 14. Be3 Nxe4 15. Bxe4 d5 16. Bd3 e5 17. fxe5 Qxe5 18. Rxf8+ Bxf8 19. Qf3 Bd6 20. g3 Bh3 21. c3 Rf8 22. Qe2 Bg4 23. Qd2 Rf3 24. Re1 Rxg3+ 25. hxg3 Qxg3+ 26. Kf1 Bh3+ 27. Ke2 Qg4+ 0-1

[Event "Turkish Club Cup 2019"]
[Site "Konya"]
[Date "2019.07.17"]
[Round "3"]
[White "Koc, Azra Ece"]
[Black "Bicaklioglu, Dilara"]
[Result "1-0"]
[ECO "D00"]
[WhiteElo "1527"]
[BlackElo "1305"]
[Annotator "NA"]
[PlyCount "112"]
[EventDate "2019.07.16"]
[EventType "team-tourn"]
[EventCountry "TUR"]
[SourceTitle "playchess.com"]
[Source "ChessBase"]
[SourceQuality "1"]
[TimeControl "5400+30"]

1. d4 d5 2. Bf4 Nf6 3. e3 c5 4. c3 Nc6 5. Nd2 Bf5 6. Qb3 Qc8 7. h3 e6 8. Ngf3 Be7 9. Be2 h6 10. Rc1 c4 11. Qd1 b5 12. Ne5 O-O 13. Ng4 b4 14. Nxf6+ Bxf6 15. e4 Bh7 16. f3 a5 17. Qa4 Qb7 18. h4 Rfc8 19. e5 Be7 20. Nf1 Qb6 21. Be3 Na7 22. g4 Nb5 23. Bd2 bxc3 24. bxc3 Ba3 25. Qd1 Bb2 26. g5 hxg5 27. hxg5 Bxc1 28. Qxc1 Nc7 29. Kf2 Qb1 30. Qa3 Nb5 31. Qe7 Qxa2 32. Rxh7 Kxh7 33. Qxf7 Rc7 34. Qh5+ Kg8 35. g6 Rac8 36. Qh7+ Kf8 37. Qh8+ Ke7 38. Qxg7+ Ke8 39. Qg8+ Kd7 40. Qf7+ Kc6 41. Qxe6+ Kb7 42. Qxd5+ Kb8 43. Qxb5+ Rb7 44. Qd5 a4 45. Qd6+ Ka7 46. d5 a3 47. Be3+ Ka8 48. Qa6+ Kb8 49. Nd2 Qb2 50. e6 a2 51. Bf4+ Rbc7 52. e7 a1=Q 53. Bxc7+ Kxc7 54. Qxc8+ Kxc8 55. e8=Q+ Kb7 56. Qc6+ Ka7 1-0

[Event "Turkish Club Cup 2019"]
[Site "Konya"]
[Date "2019.07.17"]
[Round "3"]
[White "Yilmaz, Kayra"]
[Black "Sayin, Atakan"]
[Result "1-0"]
[ECO "C00"]
[WhiteElo "1512"]
[BlackElo "1925"]
[Annotator "NA"]
[PlyCount "85"]
[EventDate "2019.07.16"]
[EventType "team-tourn"]
[EventCountry "TUR"]
[SourceTitle "playchess.com"]
[Source "ChessBase"]
[SourceQuality "1"]
[TimeControl "5400+30"]

1. e4 e6 2. b3 d5 3. Bb2 dxe4 4. Nc3 Nf6 5. Qe2 Nbd7 6. g4 b6 7. Bg2 Bb7 8. Nxe4 Nd5 9. Nh3 Nb4 10. O-O-O Nc5 11. f4 Bxe4 12. Bxe4 Nxe4 13. Qxe4 Qd5 14. Qxd5 Nxd5 15. f5 h5 16. Ng5 hxg4 17. fxe6 f6 18. Ne4 Nf4 19. Rde1 Nxe6 20. Nxf6+ gxf6 21. Rxe6+ Kd7 22. Rxf6 Bd6 23. Rf7+ Ke6 24. Rhf1 Rhf8 25. R1f6+ Kd5 26. c4+ Kc6 27. Rxf8 Rxf8 28. Rxf8 Bxf8 29. Be5 Kd7 30. d4 c6 31. Kd2 Ke6 32. Ke3 Kf5 33. Bb8 Bh6+ 34. Kf2 a6 35. Bc7 b5 36. cxb5 cxb5 37. d5 Ke4 38. d6 Bf4 39. Bb8 Bxd6 40. Bxd6 Kd3 41. b4 Kc2 42. Kg3 Kb2 43. Kxg4 1-0